 Dungeon Crawl Stone Soup version 0.17.1-3-g152610e (webtiles) character file.

557 kaze the Ruffian (level 7, -4/70 HPs)
             Began as a Troll Berserker on Feb 26, 2016.
             Was an Elder of Trog.
             Slain by an orc
             ... wielding a +0 hand axe
              (6 damage)
             ... on level 4 of the Dungeon.
             The game lasted 00:09:10 (3071 turns).

kaze the Ruffian (Troll Berserker)                  Turns: 3071, Time: 00:09:10

Health: -4/70      AC:  5    Str: 28    XL:     7   Next: 9%
Magic:  6/6        EV: 17    Int:  3    God:    Trog [****..]
Gold:   176        SH:  0    Dex: 14    Spells: 0 memorised, 6 levels left

rFire  . . .     SeeInvis .       - Unarmed
rCold  . . .     Clarity  .     a - +0 animal skin
rNeg   . . .     SustAt   +     (no shield)
rPois  .         Gourm    +     (helmet restricted)
rElec  .         Spirit   .     (no cloak)
rCorr  .         Warding  .     (gloves unavailable)
rMut   .         Stasis   .     (boots unavailable)
MR     .....                    (no amulet)
Stlth  +++.......               (no ring)
                                o - ring of sustain attributes

@: agile, lethally poisoned (-4 -> -4), exhausted, slowed, very slow, not
resistant to hostile enchantments, fairly stealthy
A: unfitting armour, claws 3, fast metabolism 3, gourmand, regeneration 2,
shaggy fur 1, tough skin 2
a: Berserk, Trog's Hand, Brothers in Arms, Burn Spellbooks, Renounce Religion


You were on level 4 of the Dungeon.
You worshipped Trog.
Trog was greatly pleased with you.
You were very full.

You visited 1 branch of the dungeon, and saw 4 of its levels.

You collected 176 gold pieces.

Inventory:

Armour
 a - a +0 animal skin (worn)
Jewellery
 o - a ring of sustain attributes (left claw)
 p - an uncursed amulet of resist mutation
Scrolls
 d - a scroll of recharging
 e - a scroll of enchant armour
 h - 4 scrolls of remove curse
 i - 3 scrolls of immolation {unknown}
 k - 2 scrolls of enchant weapon {unknown}
 n - a scroll of random uselessness {unknown}
Potions
 f - 2 potions of heal wounds
 g - a potion of mutation {unknown}
 l - 4 potions of curing
 m - a potion of poison {unknown}
 q - a potion of agility
 s - a potion of brilliance {unknown}
 t - a potion of haste {unknown}
 u - a potion of lignification {unknown}
Comestibles
 b - 4 bread rations
 c - 5 chunks of flesh
 j - 2 meat rations
 r - a beef jerky
 v - 4 fruits


   Skills:
 + Level 4.0 Fighting
 + Level 4.7 Dodging
 + Level 1.0 Stealth
 + Level 4.8 Unarmed Combat


You had 6 spell levels left.
You didn't know any spells.

Dungeon Overview and Level Annotations

Branches:
Dungeon (4/15)
 Temple: D:4-7

Altars:
Elyvilon
Fedhas
Nemelex Xobeh
Ru
Trog
Xom


Innate Abilities, Weirdness & Mutations

You are too large for most types of armour.
You have claws for hands.
Your metabolism is lightning-fast.
You like to eat raw meat.
You heal very quickly.
You are covered in fur (AC +1).
You have very tough skin (AC +2).


Message History

You are exhausted.
You feel yourself slow down. The gnoll closely misses you.
You feel sick. The gnoll hits you with a flail!
* * * LOW HITPOINT WARNING * * *
The gnoll closely misses you. The orc closely misses you.
You feel sick. The gnoll misses you. The gnoll completely misses you.
The gnoll misses you.
You feel sick. The orc closely misses you. The gnoll completely misses you.
The gnoll misses you. The orc closely misses you.
The gnoll hits you but does no damage. The orc misses you.
You scratch the orc.
The orc is moderately wounded.
The gnoll closely misses you. x2
The orc closely misses you. x2
The gnoll barely misses you. The gnoll completely misses you.
The orc closely misses you. The gnoll hits you with a flail!
* * * LOW HITPOINT WARNING * * *
You feel sick. The orc hits you with a hand axe.
You die...

..#.. .#.....# #..#
...... #... ##.####
.....# #.. ##....#
....## #..# ##..####
...## #... #..## ...#
#..# ##..# ...#
##...#####..## .#..#
##.....gg....### ##..#
#.....@o.......######
....###.o......))....#
... ###g.......#####
....# #...).....##
.....# ##..####...##
.....# #..# ####.##
#....## ##).# ##.#
#....###..## ###
#.........##


You could see 3 gnolls and 2 orcs.

Vanquished Creatures
  Sigmund (D:2)
  A giant frog skeleton (D:4)
  A gnoll shaman (D:4)
  Ijyb (D:2)
  A hound (D:4)
  Terence (D:2)
  3 worker ants (D:4)
  2 gnolls (D:4)
  6 adders
  4 oozes
  A worm (D:3)
  2 giant geckos
  7 orcs
  6 giant cockroaches
  5 hobgoblins
  A quokka (D:4)
  A ball python (D:2)
  14 bats
  9 giant newts
  9 goblins
  12 jackals
  11 kobolds
  7 rats
106 creatures vanquished.

Notes
Turn   | Place    | Note
--------------------------------------------------------------
     0 | D:1      | kaze the Troll Berserker began the quest for the Orb.
     0 | D:1      | Reached XP level 1. HP: 22/22 MP: 0/0
   152 | D:1      | Reached XP level 2. HP: 29/29 MP: 1/1
   459 | D:1      | Reached ** piety under Trog
   537 | D:1      | Reached XP level 3. HP: 33/36 MP: 2/2
   857 | D:2      | Noticed Ijyb
   872 | D:2      | Killed Ijyb
   872 | D:2      | Reached XP level 4. HP: 38/45 MP: 3/3
   995 | D:2      | Noticed Terence
   998 | D:2      | Killed Terence
  1174 | D:2      | Found a bloodstained altar of Trog.
  1181 | D:2      | Found a white marble altar of Elyvilon.
  1328 | D:2      | Found a sacrificial altar of Ru.
  1328 | D:2      | Noticed Sigmund
  1333 | D:2      | Killed Sigmund
  1333 | D:2      | Reached skill level 4 in Dodging
  1333 | D:2      | Reached XP level 5. HP: 53/53 MP: 4/4
  1333 | D:2      | Reached XP level 6. HP: 61/61 MP: 5/5
  1342 | D:2      | Reached *** piety under Trog
  2590 | D:4      | Reached skill level 1 in Stealth
  2655 | D:4      | Found a blossoming altar of Fedhas.
  2697 | D:4      | Found a shimmering altar of Xom.
  2701 | D:4      | Found a sparkling altar of Nemelex Xobeh.
  2877 | D:4      | Reached **** piety under Trog
  3038 | D:4      | Reached XP level 7. HP: 14/68 MP: 6/6
  3070 | D:4      | HP: 2/70 [gnoll/flail (7)]
  3071 | D:4      | Slain by an orc

Action                   |  1- 3 |  4- 6 |  7- 9 || total
-------------------------+-------+-------+-------++-------
Melee: Unarmed           |   103 |   201 |     6 ||   310
Invok: Berserk           |       |     3 |     1 ||     4
       Trog's Hand       |       |       |     1 ||     1
  Use: Scroll            |       |     7 |       ||     7
       Potion            |       |     1 |     1 ||     2
 Stab: Distracted        |       |     1 |       ||     1
       Paralysed         |       |     1 |       ||     1
  Eat: Chunk             |     4 |    28 |       ||    32
       Bread ration      |     1 |       |       ||     1
